 Dungeon Crawl Stone Soup version 0.17.1-2-g5865329 (webtiles) character file.

77063 Metrazal the Unseen (level 15, -2/65 HPs)
             Began as a Spriggan Assassin on Jan 30, 2016.
             Slain by a naga warrior
             ... wielding a +0 battleaxe
              (38 damage)
             ... on level 5 of the Lair of Beasts on Jan 31, 2016.
             The game lasted 08:22:05 (39392 turns).

Metrazal the Unseen (Spriggan Assassin)            Turns: 39392, Time: 08:22:05

Health: -2/65      AC:  7    Str: 11    XL:     15   Next: 14%
Magic:  16/16      EV: 34    Int: 13    God:
Gold:   282        SH:  0    Dex: 24    Spells: 1 memorised, 12 levels left

rFire  + . .     SeeInvis +     f - +4 hunting sling (flame)
rCold  + . .     Clarity  .     G - +2 robe {rC+ rF+}
rNeg   . . .     SustAt   .     (shield restricted)
rPois  +         Gourm    .     (helmet restricted)
rElec  .         Spirit   .     d - +2 cloak
rCorr  .         Warding  .     (gloves unavailable)
rMut   .         Stasis   .     (boots unavailable)
MR     ++...                    (no amulet)
Stlth  +++++++++.               P - +4 ring of strength
                                i - ring of poison resistance

@: constricted, very quick, very resistant to hostile enchantments, incredibly
stealthy
A: unfitting armour, see invisible, herbivore 3, speed 3, slow metabolism 2
a: no special abilities


You were on level 5 of the Lair of Beasts.
You were not hungry.

You visited 5 branches of the dungeon, and saw 23 of its levels.

You collected 1386 gold pieces.
You spent 1104 gold pieces at shops.

Inventory:

Hand Weapons
 a - a +2 dagger
 f - a +4 hunting sling of flaming (weapon)
 s - a +2 hunting sling
 D - a +0 shortbow of flaming
 E - a +0 shortbow
 V - a +7 blowgun
Missiles
 e - 59 poisoned needles
 j - 5 needles of confusion
 k - 18 stones (quivered)
 m - 129 sling bullets
 q - 345 arrows
 u - 16 silver sling bullets
 y - 8 exploding sling bullets
 K - 70 poisoned sling bullets
 O - 9 arrows of flame
 U - 11 poisoned arrows
Armour
 d - a +2 cloak (worn)
 G - a +2 robe of resistance (worn)
Jewellery
 i - a ring of poison resistance (left hand)
 P - a +4 ring of strength (right hand)
Wands
 c - a wand of confusion (3)
 r - a wand of disintegration (9)
 B - a wand of random effects (24)
 F - a wand of disintegration (9)
 L - a wand of cold (1)
 M - a wand of paralysis (9)
 Q - a wand of draining (5)
 S - a wand of flame (38)
 T - a wand of slowing (11)
 Y - a wand of fireball (9)
 Z - a wand of lightning (11)
Scrolls
 l - 2 scrolls of silence
 v - 5 scrolls of teleportation
 I - 3 scrolls of magic mapping
 J - 12 scrolls of remove curse
 N - 4 scrolls of recharging
 W - 3 scrolls of holy word
 X - 3 scrolls of enchant armour
Potions
 h - 3 potions of brilliance
 n - 5 potions of haste
 o - a potion of resistance
 x - 5 potions of might
 z - a potion of beneficial mutation {unknown}
 A - a potion of agility {unknown}
 C - a potion of ambrosia {unknown}
 H - 3 potions of heal wounds
 R - a potion of mutation {unknown}
Comestibles
 g - 18 bread rations
 w - 2 fruits


   Skills:
 - Level 1.5 Fighting
 - Level 2.1 Short Blades
 * Level 17.6 Slings
 - Level 15.0 Bows
 - Level 2.0(10.3) Throwing
 + Level 17.6 Dodging
 + Level 18.5 Stealth


You had 12 spell levels left.
You knew the following spells:

 Your Spells              Type           Power        Failure   Level  Hunger
a - Blink                 Tloc           N/A          47%         2    ###....


Dungeon Overview and Level Annotations

Branches:
Dungeon (15/15)            Temple (1/1) D:7            Lair (5/8) D:10
  Swamp (0/4) Lair:3        Snake (1/4) Lair:5          Orc (1/4) D:12
 Vaults (0/5) D:14         Depths (0/5) D:15

Altars:
Ashenzari
Cheibriados
Dithmenos
Elyvilon
Fedhas
Gozag
Kikubaaqudgha
Makhleb
Nemelex Xobeh
Okawaru
Qazlal
Ru
Sif Muna
Trog
Vehumet
Xom
Yredelemnul
Zin
The Shining One
Beogh

Shops:
D:8 *   D:10 *:(   D:12 ([   D:15 :


Innate Abilities, Weirdness & Mutations

You are tiny and cannot use many weapons and most armour.
You have supernaturally acute eyesight.
You are a herbivore.
You cover ground extremely quickly.
You need consume almost no food.


Message History

Aim: a naga warrior, wielding a battleaxe (severely wounded, constricting you)
You shoot a stone.
The stone hits the naga warrior but does no damage.
The naga warrior is severely wounded.
The naga warrior misses you. The naga warrior constricts you.
Firing (i - inventory. (,) - cycle):
k - 20 stones (quivered)
Press: ? - help, Shift-Dir - straight line, f/p - naga warrior
Aim: a naga warrior, wielding a battleaxe (severely wounded, constricting you)
You shoot a stone. The stone hits the naga warrior.
The stone burns the naga warrior.
The naga warrior is severely wounded.
Firing (i - inventory. (,) - cycle):
k - 19 stones (quivered)
Press: ? - help, Shift-Dir - straight line, f/p - naga warrior
Aim: a naga warrior, wielding a battleaxe (severely wounded, constricting you)
You shoot a stone. The stone hits the naga warrior!
The stone burns the naga warrior.
The naga warrior is severely wounded.
The naga warrior hits you with a battleaxe!!!
Ouch! That really hurt!
You die...

..# ###.#P......## .##
####P..P...).##.# .##
#.#≈..........### ..#
#..≈≈≈≈≈.......# ..#
####(≈≈≈≈≈≈≈....### #.#
#.≈.≈≈≈..≈≈≈≈≈...# .##
##.≈≈≈.≈...≈≈≈..## ..#
#≈≈≈≈P..÷)..≈≈..## ###
#≈P≈≈.≈.@...≈≈...# .#
##≈≈≈≈.N....≈≈...## .##
#≈≈≈≈.≈.≈.≈≈≈..#.# ..#
##.≈≈≈...≈≈≈....## .##
##(≈≈≈≈≈≈≈.....# ##
#≈≈≈≈≈≈≈.....## P###
###..........## .#.##
#####............#
....#####.#..............##


You could see a naga warrior.

Vanquished Creatures
  Frances (D:14)
  Kirke (D:14)
  Maud (D:13)
  A stone giant (D:14)
  A dire elephant (D:15)
  4 vault guards (D:14)
  Erolcha (D:10)
  Harold (D:10)
  6 hydras
  Erica (D:10)
  A centaur warrior (D:13)
  Urug (Lair:3)
  An orc high priest (D:14)
  2 unseen horrors
  9 hill giants
  A lindwurm (Lair:3)
  2 orc knights
  A wolf spider zombie (D:11)
  6 ugly things
  2 wolf spiders (D:15)
  2 salamanders
  An orc sorcerer (D:14)
  4 cyclopes
  6 manticores
  4 griffons
  5 elephants (Lair:3)
  7 black mambas
  7 centaur zombies
  A naga mage (Snake:1)
  5 torpor snails
  Psyche (D:8)
  A gargoyle (D:13)
  10 spiny frogs
  11 komodo dragons
  9 trolls
  A merfolk (D:15)
  A polar bear (Lair:1)
  2 giant leeches (Lair:3)
  17 slime creatures
  4 two-headed ogres
  5 blink frogs (Lair:5)
  A shadow (D:12)
  A hog (D:14)
  Sigmund (D:6)
  4 deep elf magi
  A wraith (D:13)
  19 yaks
  A steam dragon (D:12)
  2 wyverns
  2 basilisks
  Grum (D:10)
  2 hungry ghosts
  A human (D:7)
  7 vampire mosquitoes
  6 hippogriffs
  4 nagas
  12 wolves
  2 mottled dragons
  11 porcupines
  A soldier ant (D:12)
  8 water moccasins
  The ghost of sKa the Ruffian, an amateur TrMo (D:4)
  An eye of draining (D:10)
  15 orc warriors
  3 wasps
  2 black bears
  2 ice beasts
  4 sky beasts
  A boggart (shapeshifter) (D:10)
  8 ogres
  A phantom (D:8)
  9 crocodiles
  2 necrophages (D:10)
  8 centaurs
  4 big kobolds
  Blork the orc (D:6)
  2 wyvern zombies
  16 giant frogs
  A water moccasin zombie (D:10)
  5 scorpions
  4 wyvern skeletons
  A gnoll sergeant (D:10)
  An electric eel (D:10)
  9 killer bees
  8 wights (D:7)
  3 giant frog zombies
  4 crimson imps
  3 quasits
  10 orc priests
  9 hounds
  2 centaur skeletons
  3 giant frog skeletons
  16 iguanas
  7 jellies
  16 orc wizards
  Terence (D:3)
  11 worker ants
  A killer bee zombie (D:10)
  9 sheep
  A worker ant zombie (D:7)
  13 gnolls
  37 river rats
  13 adders
  9 shadow imps
  An adder zombie (D:7)
  4 adder skeletons
  2 worms
  5 giant geckos
  66 orcs
  6 bats
  2 bat zombies (D:5)
  8 giant cockroaches
  5 goblins
  6 hobgoblins
  11 jackals
  3 quokkas
  2 ball pythons
  A giant gecko skeleton (D:8)
  4 giant newts
  25 kobolds
  A quokka skeleton (D:7)
  2 quokka zombies
  6 rats
  2 rat zombies (D:5)
  2 fungi
  2 plants
678 creatures vanquished.

Vanquished Creatures (others)
  4 humans (D:14)
  11 fungi
  4 plants (Lair:5)
19 creatures vanquished.

Grand Total: 697 creatures vanquished

Notes
Turn   | Place    | Note
--------------------------------------------------------------
     0 | D:1      | Metrazal the Spriggan Assassin began the quest for the Orb.
     0 | D:1      | Reached XP level 1. HP: 10/10 MP: 2/2
    63 | D:1      | Reached XP level 2. HP: 14/14 MP: 3/3
   672 | D:1      | Reached XP level 3. HP: 18/18 MP: 4/4
   911 | D:2      | Found a blossoming altar of Fedhas.
  1024 | D:2      | Found a sparkling altar of Nemelex Xobeh.
  1073 | D:2      | You fall through a shaft for 2 floors!
  1211 | D:4      | Found a blossoming altar of Fedhas.
  1382 | D:3      | Reached skill level 1 in Slings
  1634 | D:2      | Reached skill level 5 in Dodging
  1692 | D:2      | Reached XP level 4. HP: 22/22 MP: 5/5
  2049 | D:2      | Found a shimmering altar of Xom.
  2279 | D:3      | Noticed Terence
  2297 | D:3      | Killed Terence
  2486 | D:3      | Reached XP level 5. HP: 18/25 MP: 6/6
  3054 | D:4      | Reached skill level 6 in Dodging
  3098 | D:4      | Found a radiant altar of Vehumet.
  3320 | D:4      | Noticed sKa's ghost (amateur TrMo)
  3552 | D:4      | Killed sKa's ghost
  3552 | D:4      | Reached skill level 5 in Slings
  3552 | D:4      | Reached XP level 6. HP: 14/30 MP: 7/7
  4090 | D:4      | Noticed a scorpion
  4097 | D:4      | Killed a scorpion
  4127 | D:4      | Reached skill level 7 in Dodging
  4412 | D:5      | Entered Level 5 of the Dungeon
  4429 | D:5      | Reached XP level 7. HP: 33/33 MP: 8/8
  5132 | D:5      | Found an ancient bone altar of Kikubaaqudgha.
  5614 | D:5      | Found a sacrificial altar of Ru.
  5615 | D:5      | Found a glowing golden altar of the Shining One.
  5741 | D:6      | Reached skill level 8 in Dodging
  5908 | D:6      | Noticed Sigmund
  5922 | D:6      | Killed Sigmund
  6065 | D:6      | Reached XP level 8. HP: 37/37 MP: 9/9
  6268 | D:6      | Noticed Blork the orc
  6311 | D:6      | Killed Blork the orc
  6437 | D:6      | Reached skill level 9 in Slings
  6722 | D:6      | Reached skill level 1 in Bows
  7058 | D:7      | Reached skill level 5 in Bows
  7361 | D:7      | Found a white marble altar of Elyvilon.
  7566 | D:7      | Reached XP level 9. HP: 41/41 MP: 10/10
  7797 | D:7      | Found a staircase to the Ecumenical Temple.
  7845 | Temple   | Entered the Ecumenical Temple
  8689 | D:7      | Found a bloodstained altar of Trog.
  9279 | D:8      | Reached skill level 10 in Bows
  9419 | D:8      | Found a stormy altar of Qazlal.
  9463 | D:8      | Noticed Psyche
  9482 | D:8      | Killed Psyche
  9482 | D:8      | Reached skill level 10 in Slings
  9482 | D:8      | Reached skill level 10 in Dodging
  9683 | D:8      | Found a sparkling altar of Nemelex Xobeh.
  9694 | D:8      | Reached XP level 10. HP: 46/46 MP: 11/11
  9770 | D:8      | Found a burning altar of Makhleb.
 10192 | D:8      | Found Siclyfugh's General Store.
 10257 | D:8      | Bought a potion of curing for 42 gold pieces
 10257 | D:8      | Bought 5 fruits for 105 gold pieces
 10257 | D:8      | Bought a scroll of remove curse for 42 gold pieces
 10257 | D:8      | Bought a bread ration for 70 gold pieces
 11296 | D:9      | Found an iron altar of Okawaru.
 11391 | D:9      | Found a basalt altar of Yredelemnul.
 11803 | D:9      | Reached skill level 11 in Bows
 11949 | D:10     | Entered Level 10 of the Dungeon
 11963 | D:10     | Found Leckatheej's Assorted Antiques.
 11970 | D:10     | Noticed a hill giant
 12002 | D:10     | Killed a hill giant
 12030 | D:10     | Bought a potion of curing for 108 gold pieces
 12067 | D:10     | Noticed Harold
 12108 | D:10     | Killed Harold
 12108 | D:10     | Reached skill level 10 in Stealth
 12409 | D:10     | Noticed a hill giant
 12436 | D:10     | Killed a hill giant
 12436 | D:10     | Reached XP level 11. HP: 49/49 MP: 12/12
 12556 | D:10     | Found Fugif's Weapon Boutique.
 12628 | D:10     | Noticed Erolcha
 12669 | D:10     | Killed Erolcha
 12865 | D:10     | Noticed a hill giant
 12899 | D:10     | Killed a hill giant
 12899 | D:10     | Reached skill level 12 in Dodging
 13111 | D:10     | Found a bloodstained altar of Trog.
 13113 | D:10     | Found a staircase to the Lair.
 13908 | D:10     | Bought a scroll of identify for 72 gold pieces
 14246 | D:10     | Noticed Grum
 14549 | D:10     | Found Moatynydda's Book Emporium.
 14654 | D:10     | Killed Grum
 14716 | D:10     | Noticed a hill giant
 14761 | D:10     | Killed a hill giant
 15189 | D:10     | Noticed a hill giant
 15234 | D:10     | Killed a hill giant
 15234 | D:10     | Reached skill level 13 in Dodging
 15902 | D:11     | Noticed Erica
 15927 | D:10     | Killed Erica
 15927 | D:10     | Reached XP level 12. HP: 53/53 MP: 13/13
 16155 | D:11     | Noticed an unseen horror
 16175 | D:11     | Killed an unseen horror
 16321 | D:11     | Noticed a seven-headed hydra
 16346 | D:11     | Killed a seven-headed hydra
 17364 | D:11     | Reached skill level 14 in Dodging
 17765 | D:11     | Identified a scroll of acquirement
 17865 | D:12     | Found Jaxus's Weapon Emporium.
 17865 | D:12     | Found a staircase to the Orcish Mines.
 17865 | D:12     | Found Roasagg's Armour Emporium.
 19491 | D:13     | Noticed a centaur warrior
 19587 | D:13     | Killed a centaur warrior
 20876 | D:12     | Bought a +7 blowgun for 434 gold pieces
 21403 | D:13     | Reached XP level 13. HP: 57/57 MP: 14/14
 22527 | D:14     | Noticed Maud
 22694 | D:13     | Killed Maud
 22694 | D:13     | Reached skill level 15 in Dodging
 22694 | D:13     | Reached skill level 15 in Stealth
 23587 | D:14     | Found a gate to the Vaults.
 23605 | D:14     | Noticed Frances
 23651 | D:14     | Killed Frances
 24322 | D:14     | Noticed a stone giant
 24361 | D:14     | Killed a stone giant
 24765 | D:14     | Reached skill level 16 in Stealth
 24925 | D:14     | Noticed Kirke
 25291 | D:14     | Found a runed door.
 25320 | D:14     | Reached skill level 15 in Bows
 25397 | D:14     | Killed Kirke
 26013 | D:14     | Reached skill level 15 in Slings
 26172 | D:14     | Found a roughly hewn altar of Beogh.
 26385 | D:15     | Entered Level 15 of the Dungeon
 26388 | D:15     | Found a glowing golden altar of the Shining One.
 26591 | D:15     | Reached XP level 14. HP: 61/61 MP: 15/15
 26764 | D:15     | Found Qiustroa's Book Shoppe.
 27459 | D:15     | Found a staircase to the Depths.
 27459 | D:15     | Noticed a dire elephant
 27798 | D:15     | Reached skill level 17 in Stealth
 27875 | D:15     | Killed a dire elephant
 29050 | Orc:1    | Entered Level 1 of the Orcish Mines
 29319 | D:12     | Bought a +2 cloak for 231 gold pieces
 30659 | Lair:1   | Entered Level 1 of the Lair of Beasts
 31761 | Lair:1   | Learned a level 2 spell: Blink
 33532 | Lair:3   | Noticed Urug
 33544 | Lair:3   | Killed Urug
 33868 | Lair:3   | Found a snail-covered altar of Cheibriados.
 34309 | Lair:3   | Found a staircase to the Swamp.
 35644 | Lair:4   | Reached skill level 18 in Stealth
 37229 | Lair:5   | Found a staircase to the Snake Pit.
 37517 | Lair:5   | Reached XP level 15. HP: 65/65 MP: 16/16
 38917 | Snake:1  | Entered Level 1 of the Snake Pit
 39392 | Lair:5   | Slain by a naga warrior

Action                   |  1- 3 |  4- 6 |  7- 9 | 10-12 | 13-15 || total
-------------------------+-------+-------+-------+-------+-------++-------
Melee: Dagger            |       |       |       |       |   131 ||   131
 Fire: Blowgun           |    45 |   107 |   170 |   357 |   334 ||  1013
       Hunting sling     |       |    66 |   467 |  1222 |  1935 ||  3690
       Shortbow          |       |       |       |    39 |     6 ||    45
Throw: Stone             |       |       |     4 |       |       ||     4
Evoke: Wand              |       |       |       |       |     7 ||     7
  Use: Scroll            |       |     2 |     7 |    12 |    24 ||    45
       Potion            |       |       |       |     7 |     6 ||    13
 Stab: Sleeping          |    29 |    23 |    32 |    43 |    28 ||   155
       Confused          |       |     2 |     1 |     1 |     1 ||     5
       Distracted        |       |     1 |     2 |     6 |    19 ||    28
  Eat: Royal jelly       |       |       |     1 |       |       ||     1
       Pizza             |       |       |     2 |     1 |     7 ||    10
       Fruit             |       |       |     1 |     7 |       ||     8
       Bread ration      |       |       |       |       |     1 ||     1
